 Dungeon Crawl Stone Soup version 0.31-a0-1074-g0b22e4e0f1 (webtiles) character file.

Game seed: 10041889706384982183

375 cowhearter the Ruffian (level 6, -4/38 HPs)
             Began as an Octopode Shapeshifter on Nov 26, 2023.
             Slain by an orc priest
             ... wielding a +0 flail
              (7 damage)
             ... on level 4 of the Dungeon.
             The game lasted 00:06:01 (2579 turns).

cowhearter the Ruffian (Octopode Shapeshifter)      Turns: 2579, Time: 00:06:02

Health: -4/38      AC:  1    Str: 15    XL:     6   Next: 72%
Magic:  6/6        EV: 13    Int: 13    God:
Gold:   104        SH:  0    Dex: 11    Spells: 5/5 levels left

rFire   . .          .
                       - Unarmed
rCold   . . .        (no shield)
rNeg    . . .        (helmet currently unavailable)
rPois   .            (no amulet)
rElec   .            (no ring)
rCorr   .            (no ring)
SInv    .            (no ring)
Will    .....        (no ring)
Stlth   +++          (no ring)
HPRegen 0.26/turn    (no ring)
MPRegen 0.10/turn    (no ring)
                     (no ring)

%: no passive effects
@: beast-form
A: beast (slay +2), almost no armour, amphibious, 8 rings, camouflage 1,
gelatinous body 1, (nimble swimmer 1), tentacles
a: Begin Untransformation


You were on level 4 of the Dungeon.
You were a hulking beast.
You visited 1 branch of the dungeon, and saw 4 of its levels.

You collected 160 gold pieces.
You spent 56 gold pieces at shops.

Inventory:

Missiles
 i - 15 poisoned darts
Talismans
 b - a beast talisman (active)
 c - a flux talisman
 f - a flux talisman
Scrolls
 d - a scroll of summoning {unknown}
 e - 6 scrolls of identify {unknown}
 h - a scroll of silence {unknown}
 j - 2 scrolls of revelation {unknown}
 n - a scroll of amnesia {unknown}
 o - 3 scrolls of blinking {unknown}
 q - a scroll of torment {unknown}
 r - a scroll of brand weapon {unknown}
 s - a scroll of fear {unknown}
Potions
 a - a potion of lignification
 g - 2 potions of berserk rage {unknown}
 k - 3 potions of curing
 l - a potion of might {unknown}
 m - 2 potions of attraction {unknown}
 p - a potion of degeneration


   Skills:
 + Level 1.6 Fighting
 + Level 2.7 Dodging
 + Level 2.8 Stealth
 + Level 4.9 Unarmed Combat
 * Level 4.8 Shapeshifting


You had 5 spell levels left.
You didn't know any spells.
Your spell library contained the following spells:

 Spells                   Type           Power      Damage    Failure   Level
 Kiss of Death            Conj/Necr      0%         2d5       30%         1
 Confusing Touch          Hex            0%         N/A       67%         3
 Dispel Undead            Necr           0%         3d6       97%         4


Dungeon Overview and Level Annotations

Branches:
Dungeon (4/15)
 Temple: D:4-7

Altars:
Kikubaaqudgha

Shops:
D:3 !


Innate Abilities, Weirdness & Mutations

You are a hulking beast.
Your limbs bulge with bestial killing power. (Slay +2)
You cannot wear most types of armour.
You are amphibious.
You can wear up to eight rings at the same time.
Your skin changes colour to match your surroundings (Stealth+).
Your rubbery body absorbs attacks. (AC +1, EV +1)
((You are camouflaged when in or above water. (Stealth+)))
You have tentacles for arms and can constrict up to eight enemies at once.


Message History

You tentacle-slap the orc but do no damage.
You grab the orc. Your squeeze misses the orc. You constrict the orc.
The orc hits you with a +0 dagger. The orc hits you with a +0 trident.
You tentacle-slap the orc.
The orc is heavily wounded.
You constrict the orc. The orc hits you with a +0 flail.
The orc hits you with a +0 dagger. The orc barely misses you.
You tentacle-slap the orc.
You kill the orc!
The orc hits you with a +0 flail. The orc hits you with a +0 dagger.
The quokka attacks as it pursues you! The quokka misses you.
The quokka closely misses you. The quokka attacks as it pursues you!
The quokka closely misses you. The quokka attacks as it pursues you!
The quokka bites you. The quokka attacks as it pursues you!
The quokka barely misses you.
You closely miss the quokka. You grab the quokka. You squeeze the quokka.
You kill the quokka!
You tentacle-slap the orc. You grab the orc. You squeeze the orc.
The orc is almost dead.
You constrict the orc.
You kill the orc!
You tentacle-slap the orc priest. You grab the orc priest.
The orc priest is lightly wounded.
You constrict the orc priest.
The orc priest hits you with a +0 flail!
* * * LOW HITPOINT WARNING * * *
You tentacle-slap the orc priest but do no damage.
The orc priest is moderately wounded.
You constrict the orc priest. The orc priest misses you.
You tentacle-slap the orc priest but do no damage.
The orc priest is heavily wounded.
You constrict the orc priest.
The orc priest hits you with a +0 flail.
* * * LOW HITPOINT WARNING * * *
You tentacle-slap the orc priest.
The orc priest is severely wounded.
You constrict the orc priest. The orc hits you with a +0 dagger.
* * * LOW HITPOINT WARNING * * *
The orc priest hits you with a +0 flail!
You die...

###.....# #.......#
#.......# #.......#
#####+# ###...###
#.....#
#...######.....####
##.#........⌠......
#o#.####..[.......
#h#.#...........##
#o#.#......#...###
#..........##..# #
###.#......###.# #
#.#..........# #
#.######...... .
#........#######
##########


You could see an orc priest and an orc.

Vanquished Creatures
  A black bear (D:4)
  A scorpion (D:4)
  Terence (D:2)
  3 gnolls (D:4)
  8 adders
  2 worms (D:2)
  A dart slug (D:2)
  7 orcs
  8 endoplasms
  7 giant cockroaches
  9 goblins
  11 hobgoblins
  3 jackals (D:1)
  4 kobolds
  2 quokkas
  6 ball pythons
  2 bats (D:2)
  4 frilled lizards (D:1)
  8 rats
88 creatures vanquished.

Notes
Turn   | Place    | Note
-------+----------+-------------------------------------------
     0 | D:1      | cowhearter the Octopode Shapeshifter began the quest for
                  | the Orb.
     0 | D:1      | Reached XP level 1. HP: 13/13 MP: 1/1
   196 | D:1      | Reached XP level 2. HP: 18/18 MP: 2/2
   393 | D:1      | Reached XP level 3. HP: 23/23 MP: 3/3
   897 | D:2      | Reached XP level 4. HP: 25/28 MP: 4/4
  1307 | D:2      | Found a faded altar of an unknown god.
  1408 | D:2      | Noticed Terence
  1413 | D:2      | Killed Terence
  1414 | D:2      | Reached XP level 5. HP: 31/33 MP: 5/5
  1623 | D:3      | Reached skill level 1 in Stealth
  1648 | D:3      | Found an ancient bone altar of Kikubaaqudgha.
  1828 | D:3      | Found Qouruhon's Distillery.
  1836 | D:3      | Bought a potion of curing for 42 gold pieces
  1836 | D:3      | Bought a potion of degeneration for 14 gold pieces
  2020 | D:4      | Noticed a black bear
  2031 | D:4      | HP: 1/33 [black bear (6)]
  2032 | D:4      | Killed a black bear
  2033 | D:4      | Reached XP level 6. HP: 2/38 MP: 6/6
  2579 | D:4      | Slain by an orc priest

Illustrated notes

Levels and vault maps discovered:
D:1:      dpeg_arrival_line_fractal, layout_rooms, nrook_campfire
D:2:      layout_rooms, chequers_ecumenical_altar_grove, uniq_terence
D:3:      layout_rooms, mainiacjoe_overflow_boulevard, serial_shops, shop
D:4:      layout_loops_corners, solitary_fountain

Skill      XL: |  1  2  3  4  5 |
---------------+----------------+-----
Shapeshifting  | 4 |  4.8
Unarmed Combat | 4 |  4.9
Stealth        | 2 |  2.8
Fighting       | |  1.6
Dodging        | |  2.7

Action                     |  1- 3 |  4- 6 || total
---------------------------+-------+-------++-------
  Melee: Unarmed           |    67 |   107 ||   174
         Constrict         |    18 |    31 ||    49
         Tentacles         |     9 |    21 ||    30
         Punch             |     1 |     8 ||     9
   Stab: Sleeping          |     1 |     9 ||    10
         Distracted        |     1 |       ||     1
 Armour: Skin              |    22 |    56 ||    78
  Dodge: Dodged            |    32 |    44 ||    76
   Form: Beast             |     1 |       ||     1

Table legend: (Time is in decaauts)
 A = Elapsed time spent in this place.
 B = Non-inter-level travel time spent in this place.
 C = Inter-level travel time spent in this place.
 D = Time resting spent in this place.
 E = Time spent auto-exploring this place.
 F = Levels seen in this place.
 G = Mean time per level.
                   A        B        C        D        E       F      G
               +--------+--------+--------+--------+--------+-----+--------+
         Total |   2565 |   2565 |      0 |    550 |   1362 |   4 |  641.2 |
       Dungeon |   2565 |   2565 |      0 |    550 |   1362 |   4 |  641.2 |
               +--------+--------+--------+--------+--------+-----+--------+

Top non-repeatable levels by time:
     D:1: 801 daAuts
     D:2: 660 daAuts
     D:4: 629 daAuts
     D:3: 474 daAuts
